 Dungeon Crawl Stone Soup version 0.23.2-40-g277498a001 (webtiles) character file.

Game seed: 5242033189813714606

2357 Xplodonator the Cleaver (level 9, 80/80 HPs)
             Began as a Minotaur Berserker on Oct 12, 2019.
             Was an Elder of Trog.
             Quit the game on level 8 of the Dungeon.
             The game lasted 01:12:19 (8369 turns).

Xplodonator the Cleaver (Minotaur Berserker)        Turns: 8369, Time: 01:12:19

Health: 80/80      AC: 13    Str: 23 (25) XL:     9   Next: 20%
Magic:  7/7        EV:  9    Int:  4      God:    Trog [****..]
Gold:   401        SH:  0    Dex: 10      Spells: 8/8 levels left

rFire    . . .     SeeInvis +   v - +0 battleaxe
rCold    . . .     Gourm    .   (shield currently unavailable)
rNeg     . . .     Faith    .   b - +0 plate armour
rPois    .         Spirit   .   (helmet unavailable)
rElec    .         Reflect  .   (no cloak)
rCorr    .         Harm     .   (no gloves)
MR       .....                  (no boots)
Stlth    ..........             (no amulet)
HPRegen  0.23/turn              d - ring of flight
MPRegen  0.10/turn              r - ring of see invisible

@: no status effects
A: retaliatory headbutt, horns 3, low mp 1
a: Berserk, Trog's Hand, Brothers in Arms, Renounce Religion, Evoke Flight


You were on level 8 of the Dungeon.
You worshipped Trog.
Trog was greatly pleased with you.
You were not hungry.

You visited 2 branches of the dungeon, and saw 9 of its levels.

You collected 401 gold pieces.

Inventory:

Hand Weapons
 i - a +0 war axe
 q - a +0 arbalest
 v - a +0 battleaxe (weapon)
Missiles
 t - 21 bolts (quivered)
 u - 21 arrows
Armour
 a - a +1 scale mail of fire resistance
 b - a +0 plate armour (worn)
Jewellery
 d - a ring of flight (left hand)
 k - an uncursed ring of fire
 r - a ring of see invisible (right hand)
Wands
 m - a wand of polymorph (6)
 p - a wand of flame (19)
Scrolls
 e - 3 scrolls of immolation
 g - 3 scrolls of teleportation
 j - 3 scrolls of identify
 l - a scroll of remove curse
 n - 2 scrolls of blinking
Potions
 f - 2 potions of haste
 h - 3 potions of curing
 o - a potion of flight
 s - a potion of mutation
Comestibles
 c - 7 rations


   Skills:
 + Level 7.7 Fighting
 * Level 9.5 Axes
 + Level 7.3 Armour
 + Level 6.5 Dodging


You had 8 spell levels left.
You didn't know any spells.
Your spell library was empty.

Dungeon Overview and Level Annotations

Branches:
Dungeon (8/15)             Temple (1/1) D:7
   Lair: D:8-11

Altars:
Cheibriados
Elyvilon
Fedhas
Hepliaklqana
Kikubaaqudgha
Nemelex Xobeh
Okawaru
Trog
Uskayaw
Vehumet
The Shining One

Shops:
D:6 =


Innate Abilities, Weirdness & Mutations

You reflexively headbutt those who attack you in melee.
You have a pair of large horns on your head.
Your magical capacity is low. (-10% MP)


Message History

The ice beast is heavily wounded.
The ice beast closely misses you. You furiously retaliate!
You headbutt the ice beast. You hit the ice beast.
Your headbutt misses the ice beast.
The ice beast is almost dead.
The ice beast closely misses you.
You slice the ice beast!!
You kill the ice beast!
Trog accepts your kill.
You start resting.
HP restored.
Unknown command.
Save game and exit?
Okay, then.
Unknown command.
Save game and exit?
Welcome back, Xplodonator the Minotaur Berserker.
Trog says: Kill them all!
Press ? for a list of commands and other information.
Are you sure you want to abandon this character and quit the game? (Confirm with "yes".)

###### #....# #....#
#....#
########....#######
###.#................
#...'......†.........
#...#................
#.†.#........@.......
##'##.......(........
.####..##########+#.....
........[(<..# ....
........))...# ...
.............# .(
###..######..# . #.. ..#
#... ....


There were no monsters in sight!

Vanquished Creatures
  Grinder (D:6)
  Sigmund (D:3)
  Duvessa (D:6)
  A water moccasin (D:7)
  A black bear (D:8)
  An orc warrior (D:8)
  An ice beast (D:8)
  2 ogres
  2 centaurs
  3 bullfrogs
  A wyvern zombie (D:4)
  Dowan (D:6)
  3 scorpions
  3 howler monkeys
  A crimson imp (D:7)
  A bullfrog zombie (D:6)
  A jelly (D:6)
  5 orc wizards
  Crazy Yiuf (D:6)
  Ijyb (D:5)
  An iguana (D:7)
  A worker ant (D:7)
  A hound zombie (D:6)
  A worker ant zombie (D:5)
  7 gnolls
  10 adders
  A shadow imp (D:7)
  4 worms
  3 dart slugs
  3 leopard geckos
  21 orcs
  A ball python (D:1)
  3 bats
  2 giant cockroaches (D:2)
  13 goblins
  5 hobgoblins
  3 kobolds
  4 quokkas
  5 frilled lizards
  A leopard gecko skeleton (D:5)
  10 rats
132 creatures vanquished.

Notes
Turn   | Place    | Note
-------+----------+-------------------------------------------
     0 | D:1      | Xplodonator the Minotaur Berserker began the quest for the
                  | Orb.
     0 | D:1      | Reached XP level 1. HP: 19/19 MP: 0/0
   434 | D:1      | Reached XP level 2. HP: 27/27 MP: 1/1
   723 | D:1      | Reached skill level 4 in Axes
  1282 | D:2      | Reached XP level 3. HP: 33/33 MP: 2/2
  1299 | D:2      | Reached ** piety under Trog
  1506 | D:2      | Noticed an ogre
  1515 | D:2      | Killed an ogre
  1515 | D:2      | Reached XP level 4. HP: 41/41 MP: 3/3
  1655 | D:2      | Reached XP level 5. HP: 42/47 MP: 4/4
  1716 | D:2      | Found a faded altar of an unknown god.
  1862 | D:3      | Noticed Sigmund
  2116 | D:3      | Killed Sigmund
  2116 | D:3      | Reached skill level 5 in Fighting
  2116 | D:3      | Reached skill level 5 in Axes
  2116 | D:3      | Reached XP level 6. HP: 56/56 MP: 5/5
  2199 | D:3      | Gained mutation: Your magical capacity is low. (-10% MP)
                  | [potion of mutation]
  2199 | D:3      | Gained mutation: You have a pair of large horns on your
                  | head. [potion of mutation]
  2789 | D:3      | Found an ancient bone altar of Kikubaaqudgha.
  2874 | D:3      | Found a glowing golden altar of the Shining One.
  3205 | D:4      | Reached *** piety under Trog
  3556 | D:4      | Found a hide-covered altar of Uskayaw.
  3719 | D:5      | Entered Level 5 of the Dungeon
  3730 | D:5      | Reached skill level 6 in Axes
  3730 | D:5      | Reached skill level 5 in Armour
  3730 | D:5      | Reached XP level 7. HP: 62/62 MP: 5/5
  3859 | D:5      | Noticed a moth of wrath
  3865 | D:5      | Found a bloodstained altar of Trog.
  3971 | D:5      | Found a hazy altar of Hepliaklqana.
  3971 | D:5      | Found a snail-covered altar of Cheibriados.
  4195 | D:5      | Found a white marble altar of Elyvilon.
  4195 | D:5      | Noticed Ijyb
  4196 | D:5      | Found a blossoming altar of Fedhas.
  4200 | D:5      | Killed Ijyb
  4750 | D:6      | Noticed Dowan
  4751 | D:6      | Noticed Duvessa
  4760 | D:6      | Killed Dowan
  4760 | D:6      | Reached skill level 7 in Axes
  4760 | D:6      | Reached skill level 5 in Dodging
  4765 | D:6      | Killed Duvessa
  4777 | D:6      | Reached XP level 8. HP: 24/71 MP: 6/6
  5065 | D:6      | Found a radiant altar of Vehumet.
  5221 | D:6      | Found Edemext's Jewellery Boutique.
  5284 | D:6      | Noticed Grinder
  5295 | D:6      | Paralysed by Grinder for 6 turns
  5304 | D:6      | Killed Grinder
  5558 | D:6      | Reached skill level 8 in Axes
  5780 | D:6      | Found a runed translucent door.
  5781 | D:6      | Noticed Crazy Yiuf
  5787 | D:6      | Killed Crazy Yiuf
  6320 | D:7      | Found a staircase to the Ecumenical Temple.
  6339 | Temple   | Entered the Ecumenical Temple
  7110 | D:7      | Reached **** piety under Trog
  7125 | D:7      | Reached skill level 9 in Axes
  8066 | D:8      | Received a gift from Trog
  8066 | D:8      | Reached XP level 9. HP: 52/79 MP: 7/7
  8369 | D:8      | Quit the game

Skill      XL: |  1  2  3  4  5  6  7  8 |
---------------+-------------------------+-----
Fighting       | 4 5 6 7 |  7.7
Axes           | 4 5 6 7 9 |  9.5
Armour         | 3 4 5 7 |  7.3
Dodging        | 3 4 5 6 |  6.5

Action                   |  1- 3 |  4- 6 |  7- 9 || total
-------------------------+-------+-------+-------++-------
Melee: Hand axe          |    58 |    62 |       ||   120
       Headbutt          |    10 |    21 |    39 ||    70
       War axe           |       |    46 |   182 ||   228
       Battleaxe         |       |       |    19 ||    19
Invok: Berserk           |     1 |     1 |     2 ||     4
  Use: Scroll            |     2 |     9 |     5 ||    16
       Potion            |       |     8 |     3 ||    11
  Eat: Chunk             |     2 |     1 |       ||     3
       Ration            |       |     2 |     5 ||     7
Armor: Ring mail         |    10 |       |       ||    10
       Animal skin       |     1 |       |       ||     1
       Chain mail        |     7 |    33 |       ||    40
       Plate armour      |       |    11 |   118 ||   129
Dodge: Dodged            |    25 |    30 |   103 ||   158
